 Dungeon Crawl Stone Soup version bcrawl-1.12-8-g964540c432 (webtiles) character file.

Game seed: 14412712432432767721

7583 Banto the Basher (level 11, -2/101 HPs)
             Began as a Sand Dwarf Gladiator on June 5, 2019.
             Was an Elder of Okawaru.
             Slain by an orc
             ... wielding a +0 halberd
              (9 damage)
             ... in a bailey.
             The game lasted 00:11:39 (8233 turns).

Banto the Basher (Sand Dwarf Gladiator)             Turns: 8233, Time: 00:11:39

Health: -2/101     AC: 18    Str: 20    XL:     11   Next: 17%
Magic:  15/15      EV: 12    Int: 11    God:    Okawaru [****..]
Gold:   751        SH:  0    Dex: 12    Spells: 10/10 levels left

rFire    . . .     SeeInvis .   r - +2 flail (crush)
rCold    . . .     Gourm    .   (shield restricted)
rNeg     . . .     Faith    .   k - +0 plate armour
rPois    .         Spirit   .   c - +1 helmet
rElec    .         Reflect  .   B - +0 cloak
rCorr    .         Harm     .   (no gloves)
MR       ++...                  (no boots)
Stlth    ..........             (no amulet)
HPRegen  0.26/turn              h - +2 ring of evasion
MPRegen  0.14/turn              I - ring of protection from magic

@: slow
A: small, slowness 1, armour attunement
a: Heroism, Renounce Religion


You were in a bailey.
You worshipped Okawaru.
Okawaru was greatly pleased with you.
You were not hungry.

You visited 2 branches of the dungeon, and saw 10 of its levels.
You also visited: Bailey.

You collected 807 gold pieces.
You spent 56 gold pieces at shops.

Inventory:

Hand Weapons
 r - a +2 flail of crushing (weapon)
Missiles
 d - 6 throwing nets {!f}
 n - 170 poisoned tomahawks (quivered)
Armour
 c - a +1 helmet (worn)
 k - a +0 plate armour (worn)
 B - a +0 cloak (worn)
Jewellery
 h - a +2 ring of evasion (left hand)
 I - a ring of protection from magic (right hand)
Wands
 a - a wand of acid (15)
 o - a wand of disintegration (23)
 v - a wand of iceblast (10)
 J - a wand of polymorph (7)
Scrolls
 g - a scroll of amnesia
 i - 2 scrolls of magic mapping
 j - 8 scrolls of remove curse
 l - 6 scrolls of teleportation
 t - 2 scrolls of fog
 w - 2 scrolls of enchant weapon
 y - a scroll of fear
 G - 2 scrolls of enchant armour
Potions
 b - 5 potions of might
 e - a potion of haste
 m - 2 potions of berserk rage
 p - a potion of heal wounds
 q - a potion of magic
 u - a potion of invisibility
 x - a potion of flight
 z - a potion of resistance
 A - 7 potions of curing
 C - 3 potions of lignification {unknown}
 D - a potion of ambrosia {unknown}
 H - a potion of brilliance {unknown}
 K - a potion of agility {unknown}
Comestibles
 f - 18 rations {!d}
 F - 7 chunks of flesh


   Skills:
 + Level 10.9 Fighting
 + Level 13.1 Maces & Flails
 - Level 2.0 Throwing
 + Level 10.5 Armour
 - Level 2.4 Dodging
 - Level 6.0 Invocations


You had 10 spell levels left.
You didn't know any spells.
Your spell library contained the following spells:

 Spells                   Type           Power        Failure   Level  Hunger
 Beastly Appendage        Tmut           #.....       34%         1    ##.....
 Sticks to Snakes         Tmut           #.......     47%         2    ###....
 Spider Form              Tmut/Pois      #.........   71%         3    ####...
 Ice Form                 Ice/Tmut       #.......     98%         4    #####..
 Blade Hands              Tmut           #.........   100%        5    ######.


Dungeon Overview and Level Annotations

Branches:
Dungeon (9/12)             Temple (1/1) D:6
   Lair: D:7-10         Orc: D:8-11

Altars:
Ashenzari
Cheibriados
Dithmenos
Elyvilon
Fedhas
Gozag
Hepliaklqana
Kikubaaqudgha
Lugonu
Makhleb
Nemelex Xobeh
Okawaru
Qazlal
Ru
Sif Muna
Trog
Uskayaw
Vehumet
Wu Jian
Xom
Yredelemnul
Zin
The Shining One

Shops:
D:4 %   D:5 *

Annotations:
D:6 1 runed translucent door, drd's ghost, novice OnWz
D:9 3 runed translucent doors, kirsanium's ghost, journeyman OnFE


Innate Abilities, Weirdness & Mutations

You are small and have problems with some larger weapons.
You cover ground slowly.
Armour does not affect your spellcasting.


Message History

Something hits you but does no damage.
You sock the orc warrior!
You kill the orc warrior!
Okawaru accepts your kill.
You completely miss the orc. The orc hits you but does no damage.
Something hits you but does no damage.
Okay, then.
You sock the orc!
You kill the orc!
Okawaru accepts your kill.
Evoke which item? (* to show all) (? for menu, Esc to quit)
Okay, then.
Quiver which item? (- for none, * to show all) (? for menu, Esc to quit)
Quivering
n - 171 poisoned tomahawks for throwing.
Throwing (i - inventory. (/) - cycle)
n - 171 poisoned tomahawks (quivered)
Press: ? - help, Shift-Dir - straight line You throw a poisoned tomahawk.
You hear a shout!
Something hits you!
You die...

######### #######
........## ##.....## ###
...).....######.......#....
.))))...)#)...#)......'.!..
..)()...))))).))@){...'..!.
.))).....#))..#..)..).'..!.
.........######....)..#....
........## ##.....## #
######### #######


There were no monsters in sight!

Vanquished Creatures
  A two-headed ogre (D:8)
  Pikel (D:7)
  An orc knight (Bailey)
  Joseph (D:7)
  A centaur skeleton (D:5)
  A freezing wraith (D:7)
  A troll (D:7)
  2 hippogriffs (D:8)
  Grinder (D:5)
  A hungry ghost (D:5)
  Duvessa (D:6)
  5 orc warriors
  4 sky beasts
  3 ice beasts
  An eye of draining (D:8)
  A phantom (D:4)
  3 slaves (D:7)
  An ogre (D:5)
  4 centaurs
  Blork the orc (D:5)
  4 bullfrogs
  A big kobold (D:8)
  4 scorpions
  Dowan (D:6)
  4 killer bees (D:8)
  5 wights (D:6)
  3 crimson imps (D:6)
  2 bullfrog zombies
  5 hounds
  A gnoll shaman (D:6)
  2 jellies
  2 orc priests (D:8)
  8 orc wizards
  Jessica (D:2)
  5 iguanas
  6 worker ants
  A killer bee zombie (D:8)
  2 hound zombies
  2 hound skeletons
  A worker ant zombie (D:3)
  7 gnolls
  14 adders
  2 shadow imps
  2 oozes
  An adder skeleton (D:3)
  3 worms (D:2)
  5 dart slugs
  3 leopard geckos
  45 orcs
  3 giant cockroaches
  11 goblins
  7 hobgoblins
  22 jackals
  11 kobolds
  5 quokkas
  3 ball pythons
  6 bats
  2 frilled lizards
  A jackal skeleton (D:4)
  6 rats
254 creatures vanquished.

Notes
Turn   | Place    | Note
-------+----------+-------------------------------------------
     0 | D:1      | Banto the Sand Dwarf Gladiator began the quest for the Orb.
     0 | D:1      | Reached XP level 1. HP: 18/18 MP: 1/1
   128 | D:1      | Reached skill level 1 in Armour
   128 | D:1      | Reached XP level 2. HP: 25/25 MP: 2/2
   394 | D:1      | Reached skill level 5 in Maces & Flails
   687 | D:2      | Reached XP level 3. HP: 31/31 MP: 3/3
   987 | D:2      | Found a shimmering altar of Xom.
  1028 | D:2      | Reached XP level 4. HP: 33/39 MP: 4/4
  1742 | D:2      | Noticed Jessica
  1750 | D:2      | Killed Jessica
  1750 | D:2      | Reached XP level 5. HP: 44/46 MP: 5/5
  1832 | D:3      | Reached skill level 6 in Maces & Flails
  1875 | D:3      | Found a stormy altar of Qazlal.
  1909 | D:3      | Noticed a sky beast
  2685 | D:4      | Found Saabir's Food Emporium.
  2703 | D:4      | Noticed a phantom
  2718 | D:4      | Killed a phantom
  2718 | D:4      | Reached XP level 6. HP: 55/55 MP: 6/6
  2728 | D:4      | Reached skill level 5 in Fighting
  2739 | D:4      | Found a bloodstained altar of Trog.
  2759 | D:4      | Reached skill level 7 in Maces & Flails
  2851 | D:4      | Found a blossoming altar of Fedhas.
  2873 | D:4      | Reached XP level 7. HP: 61/61 MP: 7/7
  2906 | D:4      | Reached skill level 5 in Armour
  3105 | D:4      | Reached skill level 8 in Maces & Flails
  3118 | D:4      | Found a deep blue altar of Sif Muna.
  3211 | D:4      | Found an ancient bone altar of Kikubaaqudgha.
  3223 | D:4      | Found an ornate altar of the Wu Jian Council.
  3248 | D:4      | Found a basalt altar of Yredelemnul.
  3352 | D:5      | Entered Level 5 of the Dungeon
  3400 | D:5      | Noticed a hungry ghost
  3425 | D:5      | Killed a hungry ghost
  3425 | D:5      | Reached XP level 8. HP: 61/71 MP: 8/8
  3538 | D:5      | Reached skill level 9 in Maces & Flails
  3752 | D:5      | Found Nuwkya's Assorted Antiques.
  3760 | D:5      | Bought a scroll of identify for 56 gold pieces
  3832 | D:5      | Noticed Grinder
  3833 | D:5      | Paralysed by Grinder for 3 turns
  3858 | D:5      | Killed Grinder
  3874 | D:5      | Noticed Blork the orc
  3883 | D:5      | Killed Blork the orc
  3883 | D:5      | Reached skill level 10 in Maces & Flails
  3913 | D:5      | Reached XP level 9. HP: 77/81 MP: 9/9
  4530 | D:6      | Noticed a +0 hand axe
  4530 | D:6      | Noticed a +0 hand axe
  4556 | D:6      | Found a hide-covered altar of Uskayaw.
  4672 | D:6      | Found a snail-covered altar of Cheibriados.
  4767 | D:6      | Reached skill level 11 in Maces & Flails
  4853 | D:6      | Noticed Duvessa
  4859 | D:6      | Noticed Dowan
  4885 | D:6      | Killed Dowan
  4889 | D:6      | Killed Duvessa
  4950 | D:6      | Found a staircase to the Ecumenical Temple.
  4985 | Temple   | Entered the Ecumenical Temple
  5057 | Temple   | Became a worshipper of Warmaster Okawaru
  5080 | D:6      | Noticed drd's ghost (novice OnWz)
  5081 | D:6      | Found a runed translucent door.
  5408 | D:6      | Found a radiant altar of Vehumet.
  5409 | D:6      | Found a burning altar of Makhleb.
  5615 | D:7      | Found a glowing golden altar of the Shining One.
  5645 | D:7      | Noticed a freezing wraith
  5661 | D:7      | Killed a freezing wraith
  5749 | D:7      | Found a corrupted altar of Lugonu.
  5780 | D:7      | Noticed Pikel
  5799 | D:7      | Killed Pikel
  5799 | D:7      | Reached * piety under Okawaru
  5799 | D:7      | Reached skill level 10 in Fighting
  5799 | D:7      | Reached skill level 12 in Maces & Flails
  5799 | D:7      | Reached XP level 10. HP: 82/93 MP: 10/10
  6207 | D:7      | Reached ** piety under Okawaru
  6401 | D:7      | Reached skill level 10 in Armour
  6421 | D:7      | Noticed Joseph
  6432 | D:7      | Killed Joseph
  6658 | D:8      | Reached skill level 1 in Invocations
  6664 | D:8      | Noticed a two-headed ogre
  6678 | D:8      | Killed a two-headed ogre
  6678 | D:8      | Reached *** piety under Okawaru
  6956 | D:8      | Received a gift from Okawaru
  6996 | D:8      | Reached skill level 5 in Invocations
  7358 | D:8      | Found a shadowy altar of Dithmenos.
  7535 | D:8      | Reached XP level 11. HP: 89/101 MP: 15/15
  7871 | D:9      | Found a runed translucent gate.
  7871 | D:9      | Found a runed translucent gate.
  7871 | D:9      | Found a runed translucent gate.
  7872 | D:9      | Noticed kirsanium's ghost (journeyman OnFE)
  7930 | D:9      | Found a flagged portal.
  7954 | Bailey   | Entered a bailey
  8141 | Bailey   | Reached **** piety under Okawaru
  8199 | Bailey   | Noticed an orc knight
  8225 | Bailey   | Killed an orc knight
  8225 | Bailey   | Reached skill level 13 in Maces & Flails
  8233 | Bailey   | Slain by an orc

Skill      XL: |  1  2  3  4  5  6  7  8  9 10 11 |
---------------+----------------------------------+-----
Armour         | 1 2 3 4 6 7 9 10 | 10.5
Fighting       | 3 4 5 6 8 10 | 10.9
Maces & Flails | 5 6 7 8 10 12 13 | 13.1
Invocations    | 5 6 |  6.0
Throwing       | |  2.0
Dodging        | |  2.4

Action                   |  1- 3 |  4- 6 |  7- 9 | 10-12 || total
-------------------------+-------+-------+-------+-------++-------
Melee: Flail             |   104 |   107 |   299 |   312 ||   822
       Mace              |    25 |    61 |       |       ||    86
Throw: Tomahawk          |       |       |     5 |    12 ||    17
Evoke: Wand              |       |       |     3 |     3 ||     6
  Use: Scroll            |       |    13 |     7 |       ||    20
 Stab: Distracted        |       |       |       |     1 ||     1
  Eat: Chunk             |     1 |     7 |    13 |    10 ||    31
Armor: Leather armour    |    10 |       |       |       ||    10
       Plate armour      |    75 |    92 |   185 |   180 ||   532
Dodge: Dodged            |   100 |    84 |   174 |   209 ||   567
